 Dungeon Crawl Stone Soup version 0.29.1-2-gbd0b4ee654 (webtiles) character file.

Game seed: 7855356125554321832

445 GeoRichter the Cudgeller (level 7, 0/74 HPs)
             Began as an Ogre Gladiator on Nov 15, 2022.
             Was an Initiate of Okawaru.
             Slain by a black bear (2 damage)
             ... on level 5 of the Dungeon.
             The game lasted 00:07:07 (5250 turns).

GeoRichter the Cudgeller (Ogre Gladiator)           Turns: 5250, Time: 00:07:08

Health: 0/74       AC:  3    Str: 27    XL:     7   Next: 3%
Magic:  7/7        EV: 10    Int:  9    God:    Okawaru [......]
Gold:   261        SH:  0    Dex: 10    Spells: 6/6 levels left

rFire   . . .      SeeInvis .   e - +0 dire flail
rCold   . . .      Faith    .   (shield currently unavailable)
rNeg    . . .      Spirit   .   b - +0 robe
rPois   .          Reflect  .   c - +0 hat
rElec   .          Harm     .   (no cloak)
rCorr   .          Rampage  .   (gloves unavailable)
Will    .....                   (boots unavailable)
Stlth   +.........              (no amulet)
HPRegen 0.22/turn               p - +6 ring of strength
MPRegen 0.10/turn               (no ring)

@: lethally poisoned (0 -> -2)
A: large, unfitting armour, tough skin 1
a: Renounce Religion


You were on level 5 of the Dungeon.
You worshipped Okawaru.
Okawaru was noncommittal.
You visited 1 branch of the dungeon, and saw 5 of its levels.

You collected 261 gold pieces.

Inventory:

Hand Weapons
 a - a +0 flail
 e - a +0 dire flail (weapon)
   (You took it off Blork the orc on level 4 of the Dungeon)
Missiles
 d - 3 throwing nets {!f}
 t - 5 poisoned darts (quivered)
Armour
 b - a +0 robe (worn)
 c - a +0 hat (worn)
Jewellery
 p - a +6 ring of strength (left hand)
   (You found it on level 3 of the Dungeon)
 x - a ring of ice
   (You found it on level 5 of the Dungeon)
Wands
 r - a wand of iceblast (9)
   (You found it on level 4 of the Dungeon)
 u - a wand of mindburst (17)
   (You took it off an orc on level 4 of the Dungeon)
Scrolls
 g - 3 scrolls of teleportation {@r4}
 h - a scroll of butterflies {unknown}
 i - 3 scrolls of identify {unknown}
 j - a scroll of fear {unknown}
 l - 2 scrolls of immolation {unknown}
 n - a scroll of noise {unknown}
 o - a scroll of blinking {unknown}
 s - 2 scrolls of amnesia {unknown}
 v - a scroll of magic mapping {unknown}
 w - a scroll of poison {unknown}
Potions
 f - a potion of magic {unknown}
 k - a potion of flight {unknown}
 q - a potion of lignification {unknown}


   Skills:
 + Level 5.9 Fighting
 * Level 5.9 Maces & Flails
 - Level 2.0 Throwing
 - Level 2.6 Dodging


You had 6 spell levels left.
You didn't know any spells.
Your spell library contained the following spells:

 Spells                   Type           Power      Damage    Failure   Level
 Foxfire                  Conj/Fire      0%         2x1d4     38%         1
 Ensorcelled Hibernation  Hex/Ice        0%         N/A       52%         2
 Conjure Flame            Conj/Fire      0%         6-21      77%         3
 Inner Flame              Hex/Fire       0%         N/A       77%         3
 Spider Form              Tmut/Pois      0%         N/A       77%         3
 Anguish                  Hex/Necr       0%         N/A       99%         4
 Flame Wave               Conj/Fire      0%         2d4       99%         4


Dungeon Overview and Level Annotations

Branches:
Dungeon (5/15) Zot: 24688  Temple (0/1) D:5

Altars:
Hepliaklqana
Makhleb
Nemelex Xobeh
Okawaru
Wu Jian
Xom
Zin

Annotations:
D:3 1 runed translucent door, ymhsbmbesitwf's ghost, amateur DEHu


Innate Abilities, Weirdness & Mutations

You are too large for most types of armour.
You have tough skin. (AC +1)


Message History

The adder poisons you! The black bear bites you.
* * * LOW HITPOINT WARNING * * *
The black bear claws you.
* * * LOW HITPOINT WARNING * * *
The black bear claws you but does no damage.
The black bear attacks as you move away!
The black bear bites you!
* * * LOW HITPOINT WARNING * * *
The black bear misses you. The black bear claws you.
* * * LOW HITPOINT WARNING * * *
The adder attacks as you move away! The adder barely misses you.
* * * LOW HITPOINT WARNING * * *
You feel very sick.
You feel much better.
You feel sick. The adder bites you.
* * * LOW HITPOINT WARNING * * *
You are too confused!
You completely miss the adder.
You feel less confused.
You feel sick. The adder bites you.
* * * LOW HITPOINT WARNING * * *
You are more poisoned.
The adder poisons you! The adder bites you but does no damage.
You puncture the adder!
You kill the adder!
Okawaru accepts your kill.
You feel sick.
You hit the black bear but do no damage.
You feel sick. The black bear bites you!
* * * LOW HITPOINT WARNING * * *
The black bear claws you.
* * * LOW HITPOINT WARNING * * *
The black bear claws you but does no damage.
You feel much better.
You feel sick. The black bear bites you.
* * * LOW HITPOINT WARNING * * *
The black bear claws you.
* * * LOW HITPOINT WARNING * * *
The black bear claws you.
* * * LOW HITPOINT WARNING * * *
You thump the black bear!
You feel sick. The black bear bites you!
* * * LOW HITPOINT WARNING * * *
The black bear claws you.
* * * LOW HITPOINT WARNING * * *
The black bear claws you.
* * * LOW HITPOINT WARNING * * *
Unknown command.
You hit the black bear but do no damage.
You feel sick. The black bear bites you!
* * * LOW HITPOINT WARNING * * *
The black bear barely misses you. The black bear claws you.
You die...

#. #... ##
#.#.#. .#
#...#.. ##.#
#.#.#.#
#...#...#..
##.#.#.#.#
#.#.@.#..
##..#h#.#.#.#.
#.............
#..####....##.
## ......)
.......
.....#. ....##
....#


You could see a black bear.

Vanquished Creatures
  Blork the orc (D:4)
  2 scorpions
  An orc priest (D:4)
  A hound (D:4)
  An orc wizard (D:5)
  7 gnolls
  3 adders
  5 worms
  A dart slug (D:1)
  8 orcs
  6 endoplasms
  5 giant cockroaches
  4 hobgoblins
  A quokka (D:3)
  7 ball pythons
  5 bats
  2 frilled lizards
  6 goblins
  4 kobolds
  3 rats
73 creatures vanquished.

Vanquished Creatures (others)
  A kobold (D:4)
  A plant (D:3)
2 creatures vanquished.

Grand Total: 75 creatures vanquished

Notes
Turn   | Place    | Note
-------+----------+-------------------------------------------
     0 | D:1      | GeoRichter the Ogre Gladiator began the quest for the Orb.
     0 | D:1      | Reached XP level 1. HP: 22/22 MP: 1/1
   310 | D:1      | Reached XP level 2. HP: 31/31 MP: 2/2
  1424 | D:2      | Reached XP level 3. HP: 33/37 MP: 3/3
  2444 | D:3      | Found a glowing silver altar of Zin.
  2751 | D:3      | Found a runed translucent door.
  2751 | D:3      | Noticed ymhsbmbesitwf's ghost (amateur DEHu)
  2788 | D:3      | Reached XP level 4. HP: 45/48 MP: 4/4
  3395 | D:3      | Found a sparkling altar of Nemelex Xobeh.
  3452 | D:4      | Noticed a scorpion
  3586 | D:4      | Noticed Blork the orc
  4126 | D:3      | Killed a scorpion
  4127 | D:3      | Reached XP level 5. HP: 55/55 MP: 5/5
  4325 | D:4      | Reached skill level 5 in Fighting
  4325 | D:4      | Reached skill level 5 in Maces & Flails
  4721 | D:4      | Killed Blork the orc
  4722 | D:4      | Reached XP level 6. HP: 66/66 MP: 6/6
  4894 | D:4      | Found a shimmering altar of Xom.
  5023 | D:4      | Found a burning altar of Makhleb.
  5032 | D:4      | Found an ornate altar of the Wu Jian Council.
  5032 | D:4      | Found a hazy altar of Hepliaklqana.
  5033 | D:4      | Found an iron altar of Okawaru.
  5046 | D:4      | Became a worshipper of Warmaster Okawaru
  5179 | D:5      | Entered Level 5 of the Dungeon
  5182 | D:5      | Found a staircase to the Ecumenical Temple.
  5236 | D:5      | Reached XP level 7. HP: 42/74 MP: 7/7
  5247 | D:5      | HP: 3/74 [black bear (1)]
  5250 | D:5      | Slain by a black bear

Illustrated notes

Levels and vault maps discovered:
D:1:      giann_forest_graveyard, layout_rooms, serial_co_window_serial,
          co_window_of_opportunity_a, co_window_paths_a, co_window_paths_b,
          co_window_of_opportunity_a, co_window_paths_a, co_window_paths_a,
          co_window_2corner, co_window_corner_b, co_window_corner_ca,
          co_window_corner_b, co_window_corner_cb, co_window_paths_c,
          co_window_corner_cb, co_window_4corner_b, glass_columns_c,
          glass_columns_b, glass_columns_a, minmay_misc_feat_plants
D:2:      layout_rooms, minmay_misc_feat_nine_boxes, st_stairs_1
D:3:      layout_basic, zin_scriptorium, nemelex_diamond_rough_becter,
          gammafunk_ghost_grave, st_stairs_9, serial_bayou_pond_b,
          grunt_decor_arrowhead, amethyst_killhole
D:4:      layout_cave_pools, chequers_temple_overflow_statue_of_worship,
          tgw_xom, uniq_blork_the_orc
D:5:      layout_cave_pools, mainiacjoe_overflow_boulevard,
          minmay_temple_entry_overgrown, chequers_serial_rivers_small_b,
          kennysheep_crisscross, hangedman_abyss_or_decor_stagger,
          kennysheep_generic_room_13

Skill      XL: |  1  2  3  4  5 |
---------------+----------------+-----
Fighting       | 3 4 5 |  5.9
Maces & Flails | 3 4 5 |  5.9
Throwing       | |  2.0
Dodging        | |  2.6

Action                   |  1- 3 |  4- 6 |  7- 9 || total
-------------------------+-------+-------+-------++-------
Melee: Flail             |   103 |   109 |       ||   212
       Punch             |     1 |       |       ||     1
       Dire flail        |       |    40 |     7 ||    47
Throw: Stone             |     2 |       |       ||     2
       Large rock        |       |     1 |       ||     1
Evoke: Wand              |       |     2 |       ||     2
  Use: Potion            |       |     2 |     2 ||     4
       Scroll            |       |     1 |       ||     1
Armor: Robe              |    36 |    21 |     5 ||    62
Dodge: Dodged            |    64 |    82 |     3 ||   149
